FSL
TAMPA PIRATES @ POMPANO BEACH STINGRAYS
07/08/1982
 
TOP OF THE 1ST
Tampa Pirates batting - Pitching for Pompano Beach Stingrays : RHP Steven Viskas
Pitching: RHP Steven Viskas
Batting: SHB Craig Smajstrla 0-0: Ball
1-0: Called Strike
1-1: Ball
2-1: Bunt for hit to 13 - play at first, batter safe!
Batting: LHB David Frederick 0-0: Ball
Craig Smajstrla steals 2nd base (no throw)
1-0: SINGLE (Flyball, 8LS, EV 91.9 MPH)
Craig Smajstrla to third
Runner from 3rd tries for Home, SAFE, throw by CF to home
David Frederick to second
Batting: LHB Pedro Nunez 0-0: Foul Ball, location: 2F
0-1: Ball
1-1: Ball
2-1: Swinging Strike
2-2: Foul Ball, location: 2F
2-2: Ball
3-2: Strikes out swinging
Batting: RHB Gregory Norman 0-0: Ball
1-0: Called Strike
1-1: Foul Ball, location: 2F
1-2: Ball
2-2: Ball
3-2: Fly out, F8 (Flyball, 8RS, EV 81.9 MPH)
Batting: LHB Alfredo Rodriguez 0-0: Ball
1-0: SINGLE (Groundball, 34D, EV 106.3 MPH)
David Frederick to third
Runner from 3rd tries for Home, SAFE, throw by RF to home
Alfredo Rodriguez to second
Batting: RHB Jason Porter 0-0: Called Strike
0-1: Swinging Strike
0-2: Ball
1-2: Fly out, F9 (Flyball, 9D, EV 101.9 MPH)
Top of the 1st over - 2 runs, 3 hits, 0 errors, 1 left on base; Tampa 2 - Pompano Beach 0
BOTTOM OF THE 1ST
Pompano Beach Stingrays batting - Pitching for Tampa Pirates : RHP Bill Kelly
Pitching: RHP Bill Kelly
Batting: RHB Jorge Villalobos 0-0: Called Strike
0-1: Ball
1-1: Fly out, F7 (Flyball, 7S, EV 86.9 MPH)
Batting: SHB Maury Ornest 0-0: Ball
1-0: Called Strike
1-1: Ball
2-1: Ball
3-1: Called Strike
3-2: Fly out, F8 (Flyball, 78D, EV 98.1 MPH)
Batting: RHB Lance Junker 0-0: Ball
1-0: Ground out 5-3 (Groundball, 56, EV 108.8 MPH)
Bottom of the 1st over - 0 runs, 0 hits, 0 errors, 0 left on base; Tampa 2 - Pompano Beach 0
TOP OF THE 2ND
Tampa Pirates batting - Pitching for Pompano Beach Stingrays : RHP Steven Viskas
Batting: RHB Erwin Bryant 0-0: Ball
1-0: Foul Ball, location: 2F
1-1: Ball
2-1: Swinging Strike
2-2: Foul Ball, location: 2F
2-2: Strikes out swinging
Batting: RHB Steven Young 0-0: Swinging Strike
0-1: Ball
1-1: Swinging Strike
1-2: Ball
2-2: Foul Ball, location: 2F
2-2: Foul Ball, location: 2F
2-2: Ground out 3-1 (Groundball, 34, EV 89.4 MPH)
Batting: RHB Roy Dixon 0-0: SINGLE (Line Drive, 4M, EV 103.1 MPH)
Batting: SHB Craig Smajstrla 0-0: Called Strike
0-1: Ball
1-1: Fly out, F8 (Line Drive, 8RD, EV 95.0 MPH)
Top of the 2nd over - 0 runs, 1 hit, 0 errors, 1 left on base; Tampa 2 - Pompano Beach 0
BOTTOM OF THE 2ND
Pompano Beach Stingrays batting - Pitching for Tampa Pirates : RHP Bill Kelly
Batting: RHB Mark Strucher 0-0: Ball
1-0: Called Strike
1-1: Ball
2-1: Ground out 4-3 (Groundball, 4, EV 84.4 MPH)
Batting: SHB Juan Molina 0-0: Ball
1-0: Foul Ball, location: 2F
1-1: Foul Ball, location: 2F
1-2: SINGLE (Line Drive, 3D, EV 98.1 MPH)
Batting: LHB Steve Phillips 0-0: Called Strike
0-1: Grounds into double play, 5-4-3 (Groundball, 5, EV 89.4 MPH)
Bottom of the 2nd over - 0 runs, 1 hit, 0 errors, 0 left on base; Tampa 2 - Pompano Beach 0
TOP OF THE 3RD
Tampa Pirates batting - Pitching for Pompano Beach Stingrays : RHP Steven Viskas
Batting: LHB David Frederick 0-0: Ball
1-0: Foul Ball, location: 2F
1-1: Fly out, F6 (Flyball, 56D, EV 81.9 MPH)
Batting: LHB Pedro Nunez 0-0: Called Strike
0-1: SINGLE (Groundball, 6MD, EV 101.3 MPH)
Batting: RHB Gregory Norman 0-0: Ball
1-0: Swinging Strike
1-1: Ball
2-1: Foul Ball, location: 2F
2-2: Ball
3-2: Strikes out looking
Batting: LHB Alfredo Rodriguez 0-0: Ball
1-0: Ball
2-0: Ball
3-0: Base on Balls
Pedro Nunez to second
Batting: RHB Jason Porter 0-0: Ball
1-0: Fly out, F3 (Line Drive, 3, EV 74.4 MPH)
Top of the 3rd over - 0 runs, 1 hit, 0 errors, 2 left on base; Tampa 2 - Pompano Beach 0
BOTTOM OF THE 3RD
Pompano Beach Stingrays batting - Pitching for Tampa Pirates : RHP Bill Kelly
Batting: RHB Jimmy Thomas 0-0: Ball
1-0: SINGLE (Groundball, 56D, EV 97.5 MPH)
Batting: RHB William Waag 0-0: Fly out, F8 (Flyball, 8RS, EV 83.1 MPH)
Batting: RHB Terrell Salazar 0-0: Ball
1-0: Called Strike
1-1: Foul Ball, location: 2F
1-2: Grounds into double play, 6-4-3 (Groundball, 6D, EV 108.8 MPH)
Bottom of the 3rd over - 0 runs, 1 hit, 0 errors, 0 left on base; Tampa 2 - Pompano Beach 0
TOP OF THE 4TH
Tampa Pirates batting - Pitching for Pompano Beach Stingrays : RHP Steven Viskas
Batting: RHB Erwin Bryant 0-0: Fly out, F3 (Popup, 34, EV 73.1 MPH)
Batting: RHB Steven Young 0-0: Ball
1-0: Ball
2-0: Foul Ball, location: 2F
2-1: Ball
3-1: Base on Balls
Batting: RHB Roy Dixon 0-0: Called Strike
0-1: Swinging Strike
0-2: Fly out, F6 (Popup, 6, EV 76.9 MPH)
Batting: SHB Craig Smajstrla 0-0: Fielders Choice at 2nd, 6-4 (Groundball, 6, EV 80.6 MPH)
Top of the 4th over - 0 runs, 0 hits, 0 errors, 1 left on base; Tampa 2 - Pompano Beach 0
BOTTOM OF THE 4TH
Pompano Beach Stingrays batting - Pitching for Tampa Pirates : RHP Bill Kelly
Batting: RHB Jorge Villalobos 0-0: Called Strike
0-1: Foul Ball, location: 2F
0-2: SINGLE (Line Drive, 89S, EV 107.5 MPH)
Batting: SHB Maury Ornest 0-0: Swinging Strike
0-1: Ball
1-1: Ball
2-1: Swinging Strike
2-2: Fielders Choice at 2nd, 1-6 (Groundball, 34S, EV 73.1 MPH)
Batting: RHB Lance Junker 0-0: Fly out, F9 (Line Drive, 9, EV 100.0 MPH)
Batting: RHB Mark Strucher 0-0: Ball
1-0: Ball
2-0: SINGLE (Line Drive, 89M, EV 93.8 MPH)
Maury Ornest to second
Runner from 2nd tries for 3rd, SAFE, throw by RF made to third
Batting: SHB Juan Molina 0-0: Called Strike
0-1: Foul Ball, location: 2F
0-2: Ball
1-2: Ground out 3-1 (Groundball, 34S, EV 63.1 MPH)
Bottom of the 4th over - 0 runs, 2 hits, 0 errors, 2 left on base; Tampa 2 - Pompano Beach 0
TOP OF THE 5TH
Tampa Pirates batting - Pitching for Pompano Beach Stingrays : RHP Steven Viskas
Batting: LHB David Frederick 0-0: Ball
1-0: Ball
2-0: Called Strike
2-1: Fly out, F8 (Flyball, 78S, EV 88.1 MPH)
Batting: LHB Pedro Nunez 0-0: Foul Ball, location: 2F
0-1: Ball
1-1: Ball
2-1: Ground out 4-3 (Groundball, 4, EV 78.1 MPH)
Batting: RHB Gregory Norman 0-0: Called Strike
0-1: Called Strike
0-2: Foul Ball, location: 2F
0-2: Foul Ball, location: 2F
0-2: Ground out 6-3 (Groundball, 4MS, EV 86.9 MPH)
Top of the 5th over - 0 runs, 0 hits, 0 errors, 0 left on base; Tampa 2 - Pompano Beach 0
BOTTOM OF THE 5TH
Pompano Beach Stingrays batting - Pitching for Tampa Pirates : RHP Bill Kelly
Batting: LHB Steve Phillips 0-0: Swinging Strike
0-1: Foul Ball, location: 2F
0-2: Strikes out swinging
Batting: RHB Jimmy Thomas 0-0: Called Strike
0-1: Fly out, F7 (Flyball, 78S, EV 85.0 MPH)
Batting: RHB William Waag 0-0: Ball
1-0: Ball
2-0: Ball
3-0: Called Strike
3-1: Foul Ball, location: 2F
3-2: SINGLE (Groundball, 56D, EV 103.8 MPH) (infield hit)
Batting: RHB Terrell Salazar 0-0: Ball
1-0: Ball
2-0: Ball
3-0: Base on Balls
William Waag to second
Batting: RHB Jorge Villalobos 0-0: Called Strike
0-1: Ball
1-1: Foul Ball, location: 2F
1-2: Ball
2-2: Ball
3-2: Base on Balls
William Waag to third
Terrell Salazar to second
Batting: SHB Maury Ornest 0-0: Ball
1-0: SINGLE (Groundball, 4D, EV 103.8 MPH)
William Waag scores
Terrell Salazar to third
Jorge Villalobos to second
Runner from 3rd tries for Home, SAFE, throw by CF to home
Batting: RHB Lance Junker 0-0: Foul Ball, location: 2F
0-1: Ball
1-1: Foul Ball, location: 2F
1-2: Ball
2-2: Fly out, F7 (Flyball, 78S, EV 82.5 MPH)
Bottom of the 5th over - 2 runs, 2 hits, 0 errors, 2 left on base; Tampa 2 - Pompano Beach 2
TOP OF THE 6TH
Tampa Pirates batting - Pitching for Pompano Beach Stingrays : RHP Steven Viskas
Batting: LHB Alfredo Rodriguez 0-0: Foul Ball, location: 2F
0-1: Foul Ball, location: 2F
0-2: Strikes out swinging
Batting: RHB Jason Porter 0-0: Ball
1-0: Ground out 6-3 (Groundball, 6, EV 80.6 MPH)
Batting: RHB Erwin Bryant 0-0: Called Strike
0-1: Ball
1-1: Ball
2-1: Foul Ball, location: 2F
2-2: Ball
3-2: Fly out, F7 (Flyball, 78D, EV 88.8 MPH)
Top of the 6th over - 0 runs, 0 hits, 0 errors, 0 left on base; Tampa 2 - Pompano Beach 2
BOTTOM OF THE 6TH
Pompano Beach Stingrays batting - Pitching for Tampa Pirates : RHP Bill Kelly
Batting: RHB Mark Strucher 0-0: SINGLE (Groundball, 6MD, EV 105.0 MPH)
Batting: SHB Juan Molina 0-0: Ball
1-0: Foul Ball, location: 2F
1-1: Grounds into double play, 6-4-3 (Groundball, 6, EV 100.0 MPH)
Batting: LHB Steve Phillips 0-0: Ground out 4-3 (Groundball, 4M, EV 86.3 MPH)
Bottom of the 6th over - 0 runs, 1 hit, 0 errors, 0 left on base; Tampa 2 - Pompano Beach 2
TOP OF THE 7TH
Tampa Pirates batting - Pitching for Pompano Beach Stingrays : RHP Steven Viskas
Batting: RHB Steven Young 0-0: Ball
1-0: Ball
2-0: Swinging Strike
2-1: Foul Ball, location: 2F
2-2: Foul Ball, location: 2F
2-2: Ball
3-2: Foul Ball, location: 2F
3-2: Fly out, F8 (Flyball, 78D, EV 103.1 MPH)
Batting: RHB Roy Dixon 0-0: Called Strike
0-1: Swinging Strike
0-2: Ball
1-2: Ball
2-2: Strikes out swinging
Batting: SHB Craig Smajstrla 0-0: Swinging Strike
0-1: SINGLE (Groundball, 34D, EV 85.0 MPH) (infield hit)
Batting: LHB David Frederick 0-0: Ball
1-0: Ground out 4-3 (Groundball, 4D, EV 90.6 MPH)
Top of the 7th over - 0 runs, 1 hit, 0 errors, 1 left on base; Tampa 2 - Pompano Beach 2
BOTTOM OF THE 7TH
Pompano Beach Stingrays batting - Pitching for Tampa Pirates : RHP Bill Kelly
Batting: RHB Jimmy Thomas 0-0: Ground out U3 (Groundball, 3, EV 99.4 MPH)
Batting: RHB William Waag 0-0: Ball
1-0: Fly out, F6 (Popup, 56, EV 71.3 MPH)
Batting: RHB Terrell Salazar 0-0: Called Strike
0-1: Ball
1-1: Called Strike
1-2: Ball
2-2: Ball
3-2: Fly out, F8 (Flyball, 8LXD, EV 96.3 MPH)
Bottom of the 7th over - 0 runs, 0 hits, 0 errors, 0 left on base; Tampa 2 - Pompano Beach 2
TOP OF THE 8TH
Tampa Pirates batting - Pitching for Pompano Beach Stingrays : RHP Steven Viskas
Batting: LHB Pedro Nunez 0-0: Ground out 6-3 (Groundball, 6M, EV 84.4 MPH)
Batting: RHB Gregory Norman 0-0: Ball
1-0: Foul Ball, location: 2F
1-1: Ball
2-1: Called Strike
2-2: Foul Ball, location: 2F
2-2: Ball
3-2: Strikes out swinging
Batting: LHB Alfredo Rodriguez 0-0: Called Strike
0-1: Called Strike
0-2: Ball
1-2: Ball
2-2: Ball
3-2: Foul Ball, location: 2F
3-2: Fly out, F7 (Flyball, 7, EV 91.3 MPH)
Top of the 8th over - 0 runs, 0 hits, 0 errors, 0 left on base; Tampa 2 - Pompano Beach 2
BOTTOM OF THE 8TH
Pompano Beach Stingrays batting - Pitching for Tampa Pirates : RHP Bill Kelly
Batting: RHB Jorge Villalobos 0-0: Swinging Strike
0-1: SINGLE (Groundball, 6S, EV 65.6 MPH) (infield hit)
Batting: SHB Maury Ornest 0-0: Called Strike
0-1: Fly out, F7 (Flyball, 78D, EV 97.5 MPH)
Batting: RHB Lance Junker 0-0: Ball
1-0: Called Strike
1-1: SINGLE (Line Drive, 8LS, EV 99.4 MPH)
Jorge Villalobos to second
Batting: RHB Mark Strucher 0-0: Called Strike
0-1: Foul Ball, location: 2F
0-2: Ball
1-2: Foul Ball, location: 2F
1-2: Strikes out swinging
Batting: SHB Juan Molina 0-0: Ball
1-0: Fly out, F6 (Popup, 6M, EV 53.1 MPH)
Bottom of the 8th over - 0 runs, 2 hits, 0 errors, 2 left on base; Tampa 2 - Pompano Beach 2
TOP OF THE 9TH
Tampa Pirates batting - Pitching for Pompano Beach Stingrays : RHP Steven Viskas
Pitching: RHP Don Kainer
Batting: RHB Jason Porter 0-0: Ground out 4-3 (Groundball, 34, EV 84.4 MPH)
Batting: RHB Erwin Bryant 0-0: Called Strike
0-1: Ball
1-1: Ball
2-1: Ball
3-1: Base on Balls
Batting: RHB Steven Young 0-0: Ball
1-0: Ball
2-0: Ball
3-0: Called Strike
3-1: SINGLE (Groundball, 3, EV 105.0 MPH)
Erwin Bryant to second
Runner from 2nd tries for 3rd, SAFE, no throw by RF
Batting: RHB Roy Dixon 0-0: Ball
1-0: Foul Ball, location: 2F
1-1: Ball
2-1: Ball
3-1: Called Strike
3-2: Strikes out looking
Batting: SHB Craig Smajstrla 0-0: Ball
1-0: Swinging Strike
1-1: Ball
2-1: Ball
3-1: Ground out 1-3 (Groundball, 25, EV 71.9 MPH)
Top of the 9th over - 0 runs, 1 hit, 0 errors, 2 left on base; Tampa 2 - Pompano Beach 2
BOTTOM OF THE 9TH
Pompano Beach Stingrays batting - Pitching for Tampa Pirates : RHP Bill Kelly
Pinch Hitting: SHB Tom Barrett 0-0: Ball
1-0: Swinging Strike
1-1: Fly out, F4 (Line Drive, 4, EV 69.4 MPH)
Batting: RHB Jimmy Thomas 0-0: Ball
1-0: Swinging Strike
1-1: Ball
2-1: Ground out 4-3 (Groundball, 4, EV 85.0 MPH)
Pinch Hitting: LHB Arnold McCrary 0-0: Called Strike
0-1: Foul Ball, location: 2F
0-2: Ball
1-2: Ball
2-2: Foul Ball, location: 2F
2-2: Foul Ball, location: 2F
2-2: Foul Ball, location: 2F
2-2: Ground out 1-3 (Groundball, P, EV 70.0 MPH)
Bottom of the 9th over - 0 runs, 0 hits, 0 errors, 0 left on base; Tampa 2 - Pompano Beach 2
TOP OF THE 10TH
Tampa Pirates batting - Pitching for Pompano Beach Stingrays : RHP Don Kainer
Now at 2B: Tom Barrett
Now at SS: Edward Lowery
Batting: LHB David Frederick 0-0: Called Strike
0-1: Ball
1-1: Foul Ball, location: 2F
1-2: Ball
2-2: Ball
3-2: Fly out, F8 (Flyball, 8LD, EV 96.9 MPH)
Batting: LHB Pedro Nunez 0-0: Fly out, F9 (Flyball, 9D, EV 93.1 MPH)
Batting: RHB Gregory Norman 0-0: Swinging Strike
0-1: Ball
1-1: Swinging Strike
1-2: Ball
2-2: Strikes out swinging, 2-3 out at first.
Top of the 10th over - 0 runs, 0 hits, 0 errors, 0 left on base; Tampa 2 - Pompano Beach 2
BOTTOM OF THE 10TH
Pompano Beach Stingrays batting - Pitching for Tampa Pirates : RHP Bill Kelly
Pitching: RHP Brian McCaslin
Pinch Hitting: SHB Gene Roof 0-0: Ground out 5-3 (Groundball, 5, EV 81.9 MPH)
Batting: RHB Jorge Villalobos 0-0: Ball
1-0: Called Strike
1-1: SINGLE (Line Drive, 6MD, EV 103.8 MPH)
Batting: SHB Maury Ornest 0-0: Called Strike
0-1: Called Strike
0-2: Ball
1-2: Grounds out, U3 (Groundball, 3L, EV 79.4 MPH)
Batting: RHB Lance Junker 0-0: Ball
1-0: Ground out 6-3 (Groundball, 56, EV 102.5 MPH)
Bottom of the 10th over - 0 runs, 1 hit, 0 errors, 1 left on base; Tampa 2 - Pompano Beach 2
TOP OF THE 11TH
Tampa Pirates batting - Pitching for Pompano Beach Stingrays : RHP Don Kainer
Now at 3B: Gene Roof
Batting: LHB Alfredo Rodriguez 0-0: Ball
1-0: DOUBLE (Line Drive, 78D, EV 108.8 MPH)
Batting: RHB Jason Porter 0-0: Intentional Walk
Batting: RHB Erwin Bryant 0-0: Ball
1-0: Bunted foul
1-1: Bunt missed!
1-2: Foul Ball, location: 2F
1-2: SINGLE (Groundball, 56D, EV 107.5 MPH) (infield hit)
Alfredo Rodriguez to third
Jason Porter to second
Batting: RHB Steven Young 0-0: Foul Ball, location: 2F
0-1: Fly out, F7 (Flyball, 78D, EV 85.6 MPH)
Runner from 3rd tags up, SCORES, no throw by LF
Batting: RHB Roy Dixon 0-0: Swinging Strike
0-1: Ball
1-1: Swinging Strike
1-2: Foul Ball, location: 2F
1-2: Strikes out swinging
Batting: SHB Craig Smajstrla 0-0: Ball
1-0: Foul Ball, location: 2F
1-1: Ball
2-1: Fly out, F6 (Line Drive, 6, EV 73.1 MPH)
Top of the 11th over - 1 run, 2 hits, 0 errors, 2 left on base; Tampa 3 - Pompano Beach 2
BOTTOM OF THE 11TH
Pompano Beach Stingrays batting - Pitching for Tampa Pirates : RHP Brian McCaslin
Batting: RHB Mark Strucher 0-0: Swinging Strike
0-1: Called Strike
0-2: SINGLE (Line Drive, 9LM, EV 97.5 MPH)
Batting: SHB Juan Molina 0-0: Fly out, F6 (Popup, 15S, EV 75.0 MPH)
Batting: SHB Tom Barrett 0-0: Called Strike
0-1: Called Strike
0-2: Ball
1-2: Ball
2-2: Foul Ball, location: 2F
2-2: Ball
3-2: Fly out, F6 (Popup, P, EV 78.1 MPH)
Batting: RHB Jimmy Thomas 0-0: Ball
1-0: Called Strike
1-1: Foul Ball, location: 2F
1-2: Fielders Choice at 2nd, 6-4 (Groundball, 6, EV 91.3 MPH)
Bottom of the 11th over - 0 runs, 1 hit, 0 errors, 1 left on base; Tampa 3 - Pompano Beach 2
Thursday, August 13th, 2020 - OOTP Baseball 21.5 Build 76